Map: Dusk Towers

Players

Thor - Winner!

  • Race: Terran Terran
  • League: Master

A.I. 1 (Very Easy)

  • Race: Zerg Zerg

VOD

Have the link to the VOD?

Description

Time

  • Played on: March 19, 2016, 8:32 a.m.
  • Length: 10:23
Show
View Real Time Build Order
Export as new Build Order

Thor Terran - Winner!

Build Orders: Liberator Opening, Reaper Expand, Bio Tank 

Get SALT Encoding   

  12  0:01  SCV  
  13  0:13  SCV  
  14  0:17  Supply Depot  
  14  0:25  SCV  
  15  0:39  SCV  
  15  0:40  Barracks  
  16  0:45  Refinery  
  16  0:51  SCV  
  17  1:03  SCV  
  18  1:15  SCV  
  19  1:27  Orbital Command  
  19  1:28  Reaper  
  20  1:41  Command Center  
  20  1:50  Supply Depot  
  20  1:52  SCV  
  21  2:00  Marine  
  22  2:05  SCV  
  23  2:12  Factory  
  23  2:13  Refinery  
  23  2:22  SCV, Barracks Reactor  
  24  2:34  SCV  
  25  2:46  SCV  
  26  2:57  Starport  
  26  2:58  Orbital Command  
  26  2:59  SCV  
  27  3:06  Hellion x2  
  27  3:07  Barracks Tech Lab  
  27  3:11  SCV  
  33  3:27  SCV  
  33  3:29  Liberator  
  33  3:30  SCV  
  33  3:31  Marine  
  33  3:32  Hellion x2, Stimpack  
  39  3:46  Supply Depot  
  42  3:52  SCV x2  
  44  3:59  Command Center  
  44  4:03  Factory Tech Lab  
  44  4:04  SCV  
  44  4:06  Marine  
  46  4:13  Supply Depot  
  46  4:15  SCV  
  46  4:16  Barracks  
  47  4:18  SCV  
  47  4:19  Liberator  
  47  4:24  Barracks  
  48  4:28  SCV  
  49  4:35  SCV  
  53  4:40  SCV, Marine  
  53  4:41  Siege Tank  
  58  4:47  SCV  
  58  4:48  Refinery  
  58  4:49  Refinery  
  58  4:51  Supply Depot  
  59  4:57  SCV  
  60  5:05  SCV  
  61  5:11  Engineering Bay  
  61  5:12  SCV, Engineering Bay  
  61  5:13  Orbital Command  
  62  5:15  Barracks Reactor, Marine x3  
  65  5:21  Barracks  
  65  5:23  SCV  
  65  5:27  Barracks  
  66  5:33  Marine x2  
  66  5:35  SCV  
  69  5:36  SCV  
  69  5:38  Orbital Command  
  69  5:40  Terran Infantry Weapons Level 1  
  69  5:41  Starport Reactor  
  70  5:45  Combat Shields  
  70  5:48  Marine  
  71  5:50  Marine  
  71  5:53  SCV x2  
  71  5:55  Siege Tank  
  77  5:59  Supply Depot  
  77  6:00  Terran Infantry Armor Level 1, Marine  
  77  6:01  Marine  
  79  6:04  SCV  
  79  6:05  SCV  
  79  6:06  SCV  
  79  6:07  Marine  
  83  6:14  Barracks Reactor  
  83  6:15  Marine  
  83  6:16  SCV, Barracks Reactor  
  85  6:20  SCV x2, Supply Depot  
  85  6:24  Supply Depot  
  87  6:26  Marine x3  
  87  6:27  Marine  
  87  6:28  SCV  
  92  6:32  Supply Depot  
  92  6:33  Marine  
  93  6:42  Medivac x2, SCV x3  
  93  6:45  Armory  
  100  6:47  Supply Depot  
  100  6:49  Supply Depot  
  100  6:54  SCV  
  100  6:56  Refinery x2  
  100  6:58  SCV  
  100  6:59  SCV, Factory  
  103  7:04  Marine x4  
  103  7:05  Marine x2  
  103  7:06  Marine x2  
  103  7:08  SCV  
  112  7:12  Medivac  
  112  7:13  SCV x2, Marine  
  117  7:20  SCV  
  117  7:22  Marine x2  
  120  7:23  Medivac, Siege Tank  
  120  7:24  Marine x4  
  129  7:30  SCV, Supply Depot  
  129  7:31  SCV, Supply Depot  
  131  7:40  Marine x2  
  131  7:41  Terran Vehicle Weapons Level 1, Terran Infantry Weapons Level 2  
  133  7:52  SCV  
  133  7:55  Siege Tank  
  133  7:56  Factory Tech Lab  
  133  7:57  Terran Infantry Armor Level 2  
  137  8:00  Marine x2, Supply Depot  
  137  8:01  Marine x2  
  137  8:02  Supply Depot  
  137  8:05  Marine x2  
  141  8:10  Marine  
  141  8:11  Marine x2  
  146  8:13  Command Center  
  146  8:17  Siege Tank  
  149  8:23  Barracks  
  149  8:25  Barracks  
  149  8:26  Barracks  
  149  8:33  Marine x9  
  158  8:35  Siege Tank  
  158  8:39  Medivac x2  
  165  8:42  Supply Depot  
  165  8:43  Supply Depot  
  165  8:53  Marine x3  
  165  8:54  SCV, Supply Depot  
  165  8:55  Marine x3  
  169  8:56  Marine  
  173  9:03  Marine x2  
  173  9:07  Siege Tank  
  178  9:11  SCV, Marine x3  
  178  9:13  Marine, Supply Depot  
  178  9:14  Supply Depot  
  178  9:16  Marine  
  184  9:18  Medivac x2  
  184  9:20  Barracks Tech Lab x3  
  188  9:28  Marine x4  
  188  9:29  Siege Tank, Marine  
  188  9:30  Marine  
  197  9:37  Marine x3  
  200  9:43  Planetary Fortress  
  200  10:00  Missile Turret  
  200  10:05  Refinery  
  200  10:21  Refinery  
Show
View Real Time Build Order
Export as new Build Order

A.I. 1 (Very Easy) Zerg 

Build Orders: Hatch First 

Get SALT Encoding   

  12  0:01  Drone  
  13  0:12  Overlord  
  13  0:17  Drone  
  14  0:42  Hatchery  
  13  0:45  Drone  
  14  1:04  Spawning Pool  
  13  1:05  Extractor  
  13  1:07  Drone  
  13  1:14  Drone  
  14  1:20  Overlord  
  14  1:51  Queen, Zergling x2  
  14  1:53  Zergling x2  
  18  2:01  Roach Warren  
  17  2:05  Drone  
  18  2:09  Extractor  
  18  2:13  Drone  
  18  2:17  Zergling x2  
  18  2:21  Drone  
  20  2:29  Drone  
  21  2:36  Zergling x2, Drone  
  21  2:41  Zergling x2  
  22  2:45  Drone  
  23  2:52  Drone  
  24  2:59  Drone  
  25  3:06  Drone  
  26  3:13  Drone  
  26  3:19  Overlord  
  27  3:20  Drone  
  26  3:28  Roach, Drone  
  28  3:35  Drone  
  29  3:42  Drone  
  30  3:50  Drone  
  31  3:57  Drone  
  31  3:59  Overlord  
  32  4:04  Drone  
  32  4:08  Lair  
  33  4:11  Drone  
  33  4:14  Zergling x2  
  35  4:19  Drone  
  36  4:26  Drone  
  37  4:33  Drone  
  38  4:40  Drone  
  39  4:47  Drone  
  40  4:54  Drone  
  40  4:56  Overlord  
  40  5:00  Zergling x2  
  40  5:02  Drone  
  40  5:05  Overseer  
  40  5:09  Extractor, Overseer, Drone  
  40  5:16  Extractor, Drone  
  38  5:23  Drone  
  33  5:30  Drone  
  30  5:38  Drone  
  28  5:45  Drone  
  28  5:47  Zergling x2  
  24  5:52  Drone  
  20  5:59  Drone  
  14  6:06  Drone  
  12  6:14  Drone  
  12  6:21  Drone  
  12  6:28  Drone  
  12  6:33  Roach  
  12  6:35  Drone  
  14  6:42  Drone  
  14  6:49  Drone  
  14  6:57  Drone  
  14  7:02  Zergling x2  
  14  7:04  Drone  
  15  7:11  Drone  
  12  7:18  Drone  
  11  7:25  Drone  
  11  7:30  Zergling x2  
  11  7:33  Drone  
  12  7:40  Drone  
  12  7:47  Drone  
  12  7:54  Drone  
  12  7:59  Roach  
  12  8:01  Drone  
  14  8:08  Drone  
  14  8:16  Drone  
  14  8:23  Drone  
  14  8:30  Drone  
  14  8:37  Drone  
  14  8:41  Roach  
  13  8:44  Drone  
  13  8:52  Drone  
  13  8:59  Drone  
  13  9:06  Drone  
  13  9:13  Drone  
  13  9:20  Roach, Drone  
  15  9:27  Drone  
  15  9:35  Drone  
  15  9:42  Drone  
  11  9:47  Overseer  
  11  9:48  Roach  
  11  9:49  Drone  
  11  10:03  Drone  
Tags
 
Add a new tag
Caveats
  • Supply blocks, unpowered buildings, or Contaminate may cause inaccurate times.
  • Supply counts are checked every 10 seconds.